 Dungeon Crawl Stone Soup version 0.31-a0-1626-g5cb510d322 (webtiles) character file.

Game seed: 659099362592255267

66 OrthodoxDeviant the Ducker (level 3, 18/18 HPs)
             Began as a Felid Shapeshifter on Jan 12, 2024.
             Quit the game on level 2 of the Dungeon.
             The game lasted 00:04:01 (1607 turns).

OrthodoxDeviant the Ducker (Felid Shapeshifter)     Turns: 1607, Time: 00:04:02

Health: 18/18      AC:  1    Str:  7 (10) XL:     3   Next: 96%
Magic:  4/4        EV: 17    Int: 12 (13) God:
Gold:   132        SH:  5    Dex: 14 (17) Spells: 2/2 levels left
                                        Lives:  1   Deaths: 0

rFire   . .          .
                       - Unarmed
rCold   + . .        (shield unavailable)
rNeg    . . .        (body armour unavailable)
rPois   .            (helmet unavailable)
rElec   .            (cloak unavailable)
rCorr   .            (gloves unavailable)
SInv    +            (boots unavailable)
Will    .....        d - amulet of reflection
Stlth   +            f - ring of protection from cold
HPRegen 0.23/turn    (no ring)
MPRegen 0.09/turn

%: reflection
@: beast-form
A: beast (slay +1), very small, claws 1, fangs 3, see invisible, shaggy fur 1,
stealthy paws, no weapons or thrown items, no armour, multi-lived
a: Begin Untransformation


You were on level 2 of the Dungeon.
You were a hulking beast.
You visited 1 branch of the dungeon, and saw 2 of its levels.

You collected 132 gold pieces.

Inventory:

Jewellery
 d - an amulet of reflection (around neck)
 f - a ring of protection from cold (left paw)
Talismans
 b - a beast talisman (active)
 c - a flux talisman
Scrolls
 a - a scroll of revelation {unknown}
 e - 2 scrolls of enchant armour {unknown}
 g - a scroll of fear {unknown}


   Skills:
 + Level 1.8 Fighting
 + Level 3.5 Dodging
 + Level 3.4 Unarmed Combat
 * Level 3.3 Shapeshifting


You had 2 spell levels left.
You didn't know any spells.
Your spell library was empty.

Dungeon Overview and Level Annotations

Branches:
Dungeon (2/15)

Altars:


Innate Abilities, Weirdness & Mutations

You are a hulking beast.
Your limbs bulge with bestial killing power. (Slay +1)
You have sharp claws.
You have razor-sharp teeth.
You have supernaturally acute eyesight. (SInv)
You are covered in fur. (AC +1)
Your paws help you pounce on unaware monsters.
You are incapable of wielding weapons or throwing items.
You cannot wear armour.
You gain extra lives every three experience levels.


Message History

f - a ring of protection from cold You enter the shallow water.
Moving in this stuff is going to be slow.
You enter the shallow water.
Moving in this stuff is going to be slow.
A frilled lizard comes into view.
A frilled lizard is nearby!
A frilled lizard is nearby!
The frilled lizard hisses angrily.
The frilled lizard closely misses you.
You claw the frilled lizard!
You kill the frilled lizard!
No target in view!
No target in view!
Okay, then.
f - a ring of protection from cold (left paw) Unknown command.
You see here a frilled lizard corpse.
There is a stone staircase leading up here.
There is a stone staircase leading up here.
You now have 120 gold pieces (gained 5).
You now have 132 gold pieces (gained 12).
Found a stone staircase leading down.
There is a stone staircase leading down here.
Found a chain mail.
You enter the shallow water.
Moving in this stuff is going to be slow.
You enter the shallow water.
Moving in this stuff is going to be slow.
Done exploring.
Done exploring.
Done exploring.
Things that are here:
a +0 club; a +0 leather armour You enter the shallow water.
Moving in this stuff is going to be slow.
There is a stone staircase leading down here.
Unknown command.
Okay, then.
Are you sure you want to abandon this character and quit the game? (Confirm with "yes".)

###############
##########.>............
#.......##.############. #####
#)......##.###########.#
##.#.###.....................##
#...#..........##.###########.#
##.###.#..........# ##. ###.##
##.[......############# ## ...##
##......h#..[........# # .##.##
##...........########.####
.##..###.........#...............
.##...#.####.###.#.#######.......
.##..#.## #.......# #....##.
.##..### #####.### #..#....
.##..# #.# #....##. .##..# #.#
#..####. .##..# #.# ####..####.


There were no monsters in sight!

Vanquished Creatures
  2 adders (D:2)
  A ribbon worm (D:2)
  2 dart slugs (D:1)
  An orc (D:2)
  6 ball pythons
  3 endoplasms
  4 giant cockroaches
  4 goblins
  4 hobgoblins
  4 bats
  A frilled lizard (D:2)
  3 kobolds (D:1)
  3 rats
38 creatures vanquished.

Notes
Turn   | Place    | Note
-------+----------+-------------------------------------------
     0 | D:1      | OrthodoxDeviant the Felid Shapeshifter began the quest for
                  | the Orb.
     0 | D:1      | Reached XP level 1. HP: 10/10 MP: 2/2
   114 | D:1      | Reached XP level 2. HP: 14/14 MP: 3/3
   681 | D:1      | Reached XP level 3. HP: 17/18 MP: 4/4
   961 | D:2      | HP: 1/27 [poisoned by an adder]
  1607 | D:2      | Quit the game

Illustrated notes

Levels and vault maps discovered:
D:1:      mainiacjoe_arrival_reflecting_pool, layout_basic
D:2:      layout_loops_ring, serial_bayou_ford_a

Skill      XL: |  1  2 |
---------------+-------+-----
Dodging        | 3 |  3.5
Shapeshifting  | 3 |  3.3
Fighting       | |  1.8
Unarmed Combat | |  3.4

Action                     || total
---------------------------++-------
  Melee: Unarmed           ||   112
         Bite              ||    15
    Use: Potion            ||     2
   Stab: Sleeping          ||     1
 Armour: Skin              ||    25
  Dodge: Dodged            ||    83
  Block: Other             ||    14
   Form: Beast             ||     1
         Flux              ||     1

Table legend: (Time is in decaauts)
 A = Elapsed time spent in this place.
 B = Non-inter-level travel time spent in this place.
 C = Inter-level travel time spent in this place.
 D = Time resting spent in this place.
 E = Time spent auto-exploring this place.
 F = Levels seen in this place.
 G = Mean time per level.
                   A        B        C        D        E       F      G
               +--------+--------+--------+--------+--------+-----+--------+
         Total |   1613 |   1532 |     81 |    117 |   1104 |   2 |  806.5 |
       Dungeon |   1613 |   1532 |     81 |    117 |   1104 |   2 |  806.5 |
               +--------+--------+--------+--------+--------+-----+--------+

Top non-repeatable levels by time:
     D:2: 818 daAuts
     D:1: 794 daAuts
